 Dungeon Crawl Stone Soup version 0.30-a0-777-ga9a30cbeda (webtiles) character file.

Game seed: 4291309794087919572

58 Heoruswealwe the Caller (level 3, -2/20 HPs)
             Began as a Deep Elf Summoner on Feb 14, 2023.
             Slain by a black bear (12 damage)
             ... created by the rage of Trog
             ... on level 2 of the Dungeon.
             The game lasted 00:11:49 (988 turns).

Heoruswealwe the Caller (Deep Elf Summoner)          Turns: 988, Time: 00:11:49

Health: -2/20      AC:  4    Str:  5    XL:     3   Next: 76%
Magic:  6/9        EV: 13    Int: 21    God:
Gold:   127        SH:  0    Dex: 15    Spells: 4/8 levels left

rFire   . . .      SeeInvis .    g - +0 whip (venom)
rCold   . . .      Faith    .    (no shield)
rNeg    . . .      Spirit   .    a - +0 robe
rPois   .          Reflect  .    (no helmet)
rElec   .          Harm     .    (no cloak)
rCorr   .          Rampage  .    (no gloves)
Will    .....                    r - +1 pair of boots
Stlth   ++                       (no amulet)
HPRegen 0.23/turn                (no ring)
MPRegen 0.11/turn                (no ring)

@: weak-willed, slowed, very slow
A: no striking features
a: no special abilities


You were on level 2 of the Dungeon.
You visited 1 branch of the dungeon, and saw 2 of its levels.

You collected 127 gold pieces.

Inventory:

Hand Weapons
 d - a +0 dagger
 e - a +0 dagger
 f - a +0 dagger
 g - a +0 whip of venom (weapon)
 l - a +0 dagger
 m - a +0 club
 n - a +0 club
 o - a +0 dagger
 p - a +0 dagger
 q - a +0 club
 s - a +0 short sword
 t - a +0 hand axe
 u - a +0 spear
 v - a +0 dagger
 x - a +0 club
Missiles
 c - 21 stones
 h - 5 javelins
Armour
 a - a +0 robe (worn)
 j - a +0 chain mail
 k - a +0 ring mail
 r - a +1 pair of boots (worn)
Potions
 b - a potion of magic
 w - a potion of degeneration {unknown}


   Skills:
 + Level 0.3 Fighting
 + Level 0.5 Long Blades
 + Level 2.7 Dodging
 + Level 2.8 Stealth
 - Level 3.2 Spellcasting
 - Level 0.3 Conjurations
 - Level 0.6 Hexes
 - Level 4.4 Summonings
 - Level 0.6 Necromancy
 - Level 0.4 Transmutations
 - Level 0.6 Earth Magic
 - Level 0.5 Poison Magic
 + Level 0.8 Invocations
 + Level 1.0 Evocations


You had 4 spell levels left.
You knew the following spells:

 Your Spells              Type           Power      Damage    Failure   Level
a - Summon Small Mammal   Summ           88%        N/A       1%          1
b - Call Canine Familiar  Summ           22%        N/A       6%          3

Your spell library contained the following spells:

 Spells                   Type           Power      Damage    Failure   Level
 Call Imp                 Summ           22%        N/A       3%          2
 Summon Guardian Golem    Hex/Summ       14%        N/A       14%         3
 Summon Lightning Spire   Summ/Air       12%        N/A       45%         4


Dungeon Overview and Level Annotations

Branches:
Dungeon (2/15)

Altars:
Trog


Message History

Your Evocations skill increases to level 1!
You swap places.
Things that are here:
a +0 club; a goblin corpse
x - a +0 club An endoplasm comes into view.
Found 20 gold pieces.
You swap places.
The endoplasm quivers.
The endoplasm hits your hound.
Your hound bites the endoplasm.
The endoplasm barely misses your hound.
Your hound barely misses the endoplasm.
Your hound bites the endoplasm.
The endoplasm dies!
You swap places.
You now have 119 gold pieces (gained 12).
You now have 127 gold pieces (gained 8).
You swap places.
Your hound disappears in a puff of smoke!
A hobgoblin comes into view.
The hobgoblin misses you.
You closely miss the hobgoblin. The hobgoblin misses you.
You closely miss the hobgoblin. The hobgoblin misses you. x2
You closely miss the hobgoblin. The hobgoblin barely misses you.
Trog sends monsters to punish you.
The divine experience drains your vigour!
You feel yourself slow down. 2 polar bears and 2 black bears come into view.
As you read the scroll labelled QUYJUNODEOC, it crumbles to dust.
Magic quickly surges around you.
It was a scroll of vulnerability.
The hobgoblin barely misses you.
Casting: Call Canine Familiar (quite dangerous; 6% risk of failure)
Confirm with . or Enter, or press ? or * to list all spells.
The spell is quite dangerous to miscast (6% risk of failure)!
Continue anyway?
Nothing appears to happen.
The polar bear bites you. The polar bear closely misses you.
The polar bear barely misses you. The black bear bites you.
The black bear claws you.
The black bear claws you but does no damage.
The hobgoblin hits you. The black bear bites you!
Ouch! That really hurt!
You die...

######### #h@gh...# # #h#####.#
## #h# .## #.# ###########
..#### #.# . ........... .....#
#.###.# ########.## ..##.#
###.....#.##......## .###.##
#####.................#
###...###.............##.####.##


You could see 2 polar bears, 2 black bears and a hobgoblin (weak-willed).

Vanquished Creatures
  An adder (D:2)
  A dart slug (D:1)
  An endoplasm (D:1)
  2 giant cockroaches (D:1)
  4 goblins (D:1)
  2 kobolds (D:1)
  A quokka (D:1)
  4 ball pythons (D:1)
  2 bats (D:1)
  2 frilled lizards (D:1)
  A rat (D:1)
21 creatures vanquished.

Vanquished Creatures (collateral kills)
  2 adders (D:2)
  An endoplasm (D:2)
  2 jackals (D:1)
  2 kobolds (D:1)
  A frilled lizard (D:1)
  A goblin (D:2)
  A rat (D:1)
10 creatures vanquished.

Grand Total: 31 creatures vanquished

Notes
Turn   | Place    | Note
-------+----------+-------------------------------------------
     0 | D:1      | Heoruswealwe the Deep Elf Summoner began the quest for the
                  | Orb.
     0 | D:1      | Reached XP level 1. HP: 10/10 MP: 6/6
   115 | D:1      | Reached XP level 2. HP: 15/15 MP: 5/8
   575 | D:1      | Found a faded altar of an unknown god.
   612 | D:1      | Prayed at the altar of an unknown god.
   612 | D:1      | Became a worshipper of Trog the Wrathful
   612 | D:1      | Reached * piety under Trog
   614 | D:1      | Fell from the grace of Trog
   696 | D:1      | Reached XP level 3. HP: 19/19 MP: 9/9
   865 | D:1      | Learned a level 3 spell: Call Canine Familiar
   935 | D:2      | Reached skill level 1 in Evocations
   987 | D:2      | Noticed a polar bear
   987 | D:2      | Noticed a polar bear
   987 | D:2      | Noticed a black bear
   987 | D:2      | Noticed a black bear
   988 | D:2      | Slain by a black bear

Illustrated notes

Levels and vault maps discovered:
D:1:      giann_horns, layout_rooms, hellmonk_ecumenical_altar_prayer_group,
          hangedman_decor_growths
D:2:      layout_loops_ring, serial_shops, shop

Skill      XL: |  1  2  3 |
---------------+----------+-----
Evocations     | 1 |  1.0
Fighting       | |  0.3
Long Blades    | |  0.5
Dodging        | |  2.7
Stealth        | |  2.8
Spellcasting   | |  3.2
Conjurations   | |  0.3
Hexes          | |  0.6
Summonings     | |  4.4
Necromancy     | |  0.6
Transmutations | |  0.4
Earth Magic    | |  0.6
Poison Magic   | |  0.5
Invocations    | |  0.8

Action                     || total
---------------------------++-------
  Melee: Dagger            ||     4
         Whip              ||    45
         Punch             ||     1
   Cast: Summon Small Mamm ||    10
         Call Canine Famil ||     2
 Invoke: Renounce Religion ||     1
    Use: Scroll            ||     4
         Potion            ||     1
   Stab: Distracted        ||     3
         Sleeping          ||     2
 Armour: Robe              ||    10
  Dodge: Dodged            ||    42

Table legend: (Time is in decaauts)
 A = Elapsed time spent in this place.
 B = Non-inter-level travel time spent in this place.
 C = Inter-level travel time spent in this place.
 D = Time resting spent in this place.
 E = Time spent auto-exploring this place.
 F = Levels seen in this place.
 G = Mean time per level.
                   A        B        C        D        E       F      G
               +--------+--------+--------+--------+--------+-----+--------+
         Total |   1037 |   1037 |      0 |      0 |     40 |   2 |  518.5 |
       Dungeon |   1037 |   1037 |      0 |      0 |     40 |   2 |  518.5 |
               +--------+--------+--------+--------+--------+-----+--------+

Top non-repeatable levels by time:
     D:1: 829 daAuts
     D:2: 208 daAuts
